Map: Ultralove

Players

LigerMaNN

  • Race: Zerg Zerg
  • League: Diamond
  • Spawn Location: 1:00

A.I. 1 (Easy) - Winner!

  • Race: Protoss Protoss
  • Spawn Location: 7:00

VOD

Have the link to the VOD?

Description

Time

  • Played on: June 18, 2025, 10:48 p.m.
  • Length: 4:49
Show
View Real Time Build Order
Export as new Build Order

LigerMaNN Zerg 

Build Orders: Hatch First 

Get SALT Encoding   

  12  0:02  Drone  
  13  0:14  Overlord  
  13  0:16  Drone  
  14  0:33  Drone x2  
  16  0:36  Drone  
  17  0:51  Hatchery  
  17  0:55  Drone  
  17  0:58  Drone  
  18  1:10  Extractor  
  17  1:15  Spawning Pool  
  17  1:16  Drone  
  17  1:20  Drone  
  18  1:30  Drone  
  19  1:40  Overlord  
  19  2:05  Zergling x6, Queen x2  
  26  2:15  Metabolic Boost  
  26  2:18  Drone x2  
  28  2:27  Drone x2  
  30  2:39  Drone  
  30  2:40  Hatchery  
  30  2:50  Queen  
  32  2:53  Overlord  
  32  2:56  Drone  
  34  2:58  Drone  
  34  3:09  Drone x2  
  36  3:23  Drone x6  
  42  3:29  Drone x2  
  42  3:31  Extractor  
  43  3:51  Queen  
  43  3:52  Lair  
  43  3:53  Drone x3  
  48  3:58  Roach Warren  
  48  3:59  Drone x3  
  50  4:13  Overlord x4  
  50  4:31  Overlord  
Show
View Real Time Build Order
Export as new Build Order

A.I. 1 (Easy) Protoss - Winner!

Build Orders:  

Get SALT Encoding   

  12  0:00  Probe  
  13  0:13  Probe  
  14  0:19  Pylon  
  14  0:25  Probe  
  15  0:33  Probe  
  16  0:44  Assimilator  
  16  0:50  Gateway  
  16  0:53  Pylon  
  16  1:19  Assimilator  
  16  1:29  Zealot  
  18  1:40  Cybernetics Core  
  18  1:48  Probe  
  19  2:01  Pylon, Probe  
  19  2:07  Warp Gate  
  20  2:09  Probe  
  21  2:17  Probe, Adept  
  24  2:29  Probe  
  25  2:41  Probe  
  26  2:44  Stalker  
  28  3:14  Adept  
Tags
 
League
Diamond
Matchup
PvZ
Replay Pack
June 2025
Spawn Locations
Cross Positions
Add a new tag
Caveats
  • Supply blocks, unpowered buildings, or Contaminate may cause inaccurate times.
  • Supply counts are checked every 10 seconds.